cohdb
Replays
Latest Replays
All Replays
Popular Replays
Top Player Replays
Match Explorer
How It Works
Community
CoH3 Stats
Reddit
Sign in to upload your games and track your stats! →
Sign in with Steam
Match 45343977
Unlisted
Match 45343977
Overview
Messages
Build Orders
End
Kradschützen Motorcycle Team
Panzergrenadier Squad
Panzergrenadier Squad
Panzergrenadier Squad
Construct Light Support Kompanie
Selects Armored Support Battlegroup
Fire Support Elements
Selects Salvage Kits
Selects Superior Fire Drills
Veteran Squad Leaders
Panzergrenadier Squad
Panzergrenadier Squad
Construct Panzerarmee Kommand
Selects Panzer Storm
Panzer III L Medium Tank
Emergency Repair Kits
Panzer III L Medium Tank
Selects Stuka Anti-tank Loiter
Panzergrenadier Squad
Panzerpioneer Squad
Panzer III L Medium Tank
Stuka Anti-tank Loiter
Panzer III L Medium Tank
Vehicle Survival Package
Tungsten Core Ammunition
Selects Flammpanzer III Medium Tank
Selects Command Panzer IV F Medium Tank
Stuka Anti-tank Loiter
Herr Blautier
EPHX_Valkyrion
DugIronbeard
Rhodesian Commando
0
0
Comments
sign in to comment!
No comments posted yet!